Unix NetHack Version 5.0.0-0 post-release - last build May 31 2026 13:37:37 (4f47d67043fb8e84071ad9bc9740482a2de5bd5e,branch:main).

Game began 2026-05-31 19:04:15, ended 2026-05-31 19:47:39.

Farglenargle, lawful female dwarven Valkyrie

                                    ------
                                    ....`|
                                    |.....#
                                    |...(|#
                                    |....|#
                                    -|----##
                                     #     ######              #
                                     #          ##             #
                                     #           #             #
                                     #           #            ##
                                   ###           #            #
                                   #             ####         #
                             ------.---------       # --------#
                             ...............|       # |......|#
                             |...!....(@m..(|       ##-.....<.#
                             |.......(md((..|         |.....^|
                             ----------------         --------

Farglenargle the Stripling  St:18 Dx:15 Co:18 In:7 Wi:8 Ch:9  Lawful S:385
Dlvl:4  $:31 HP:0(24) Pw:2(2) AC:-1 Xp:2/39 T:2118 

Latest messages:
 (For instructions type a '?')
 There's some graffiti on the floor here.
 You read: "They ??y tnat the?e are a? least 1? ways ?o losc a pair o? |e?i ation boots."
 You swap places with Barktholomew.
 You hear the footsteps of a guard on patrol.
 Pick a monster, object or location.
 What do you want to throw? [$b or ?*]
 Count: 1 $
 In what direction?
 Barktholomew misses the small mimic.
 Barktholomew bites the small mimic.
 The small mimic misses Barktholomew.
 Barktholomew bites the small mimic.
 The small mimic misses Barktholomew.
 You miss the small mimic.
 Barktholomew misses the small mimic.
 Barktholomew misses the small mimic.
 You hit the small mimic.
 Barktholomew bites the small mimic.
 The small mimic hits Barktholomew.
 You hit the small mimic!
 Barktholomew bites the small mimic.
 The small mimic misses Barktholomew.
 You kill the small mimic!
 Welcome to experience level 2.
 Barktholomew eats a small mimic corpse.
 You see a tripe ration appear where Barktholomew was!
 Barktholomew misses the small mimic.
 Barktholomew bites the small mimic.
 $ - a gold piece (31 in total).
 You see here a chest.
 Barktholomew misses the small mimic.
 Barktholomew misses the small mimic.
 Barktholomew bites the small mimic.
 The small mimic hits Barktholomew.
 Barktholomew bites the sewer rat.
 The sewer rat is killed!
 The small mimic hits!
 Are you waiting to get hit?  Use 'm' prefix to force a no-op (to rest).
 That chest is a small mimic!
 The small mimic hits!
 You swap places with Barktholomew.
 The small mimic hits!
 The small mimic hits!
 You die...
 Do you want your possessions identified? [ynq] (y)
 Do you want to see your attributes? [ynq] (y)
 Do you want an account of creatures vanquished? [ynaq] (y)
 Do you want to see your conduct and achievements? [ynq] (y)
 Do you want to see the dungeon overview? [ynq] (y)

Inventory:
 Coins    ('$')
  $ - 31 gold pieces
 Weapons  (')')
  b - an uncursed +0 dagger (at the ready)
  a - an uncursed +1 dwarvish spear (weapon in right hand)
 Armor    ('[')
  p - an uncursed +0 orcish helm (being worn)
  c - an uncursed +3 small shield (being worn)
  f - an uncursed +0 splint mail (being worn)
 Comestibles  ('%')
  w - an uncursed food ration
  x - 2 uncursed lembas wafers
 Scrolls  ('?')
  l - an uncursed scroll of confuse monster
  e - an uncursed scroll of genocide
  u - a blessed scroll of identify
 Potions  ('!')
  n - an uncursed potion of extra healing
  o - an uncursed potion of gain energy
  h - an uncursed potion of healing
  s - an uncursed potion of monster detection
  i - an uncursed potion of sickness
 Tools    ('(')
  t - an empty uncursed sack
  q - an uncursed lock pick

Farglenargle the Valkyrie's attributes:

Background:
 You were a Stripling, a level 2 dwarven Valkyrie.
 You were lawful, on a mission for Tyr
 who was opposed by Odin (neutral) and Loki (chaotic).
 You were right-handed.
 You were in the Dungeons of Doom, on level 4.
 You entered the dungeon 2118 turns ago.
 There was a full moon in effect when your adventure ended.
 You had 39 experience points, 1 more was needed to attain level 3.
 Your score was 385 before end-of-game adjustments.

Basics:
 You had 0 out of 24 hit points.
 You had both energy points (spell power).
 Your armor class was -1.
 Your wallet contained 31 zorkmids.
 Autopickup was on for '$?!/="' plus thrown, with exceptions.

Final Characteristics:
 Your strength was 18 (limit:18/100).
 Your dexterity was 15 (limit:20).
 Your constitution was 18 (limit:20).
 Your intelligence was 7 (limit:16).
 Your wisdom was 8 (limit:16).
 Your charisma was 9 (limit:16).

Final Status:
 You weren't hungry.
 You were unencumbered.
 You were wielding a spear.
 You had basic skill with spear.

Final Attributes:
 You were piously aligned.
 You were cold resistant.
 You had infravision.
 You were warded.
 You were lucky.
 You are dead.

Miscellaneous:
 You didn't encounter any bones levels.
 Total elapsed playing time was 35 minutes and 27 seconds.

Major events:
 Turn
    1: Farglenargle the lawful dwarven Valkyrie entered the dungeon
 1341: entered the Gnomish Mines
 2118: killed by a small mimic

You didn't know any spells.

Skills:
 Fighting Skills
   bare handed combat [Unskilled]
   two weapon combat  [Unskilled]
   riding             [Unskilled]
 Weapon Skills
   dagger             [Basic]
   axe                [Unskilled]
   pick-axe           [Unskilled]
   short sword        [Unskilled]
   broadsword         [Unskilled]
   long sword         [Unskilled]
   two-handed sword   [Unskilled]
   saber              [Unskilled]
   hammer             [Unskilled]
   quarterstaff       [Unskilled]
   polearms           [Unskilled]
   spear              [Basic]
   trident            [Unskilled]
   lance              [Unskilled]
   sling              [Unskilled]
 Spellcasting Skills
   attack spells      [Unskilled]
   escape spells      [Unskilled]

Voluntary challenges:
 Character rerolling was not enabled.
 You were vegetarian.
 You never genocided any monsters.
 You never polymorphed an object.
 You never changed form.
 You used no wishes.
Achievement:
 You entered the Gnomish Mines.

 The Dungeons of Doom: levels 1 to 4
    Level 1:
       Some fountains.
    Level 2:
       Many altars.
    Level 3:
       Stairs down to The Gnomish Mines.
    Level 4: <- You were here.
       Final resting place for
          you, killed by a small mimic.
 The Gnomish Mines:
    Level 4:


Vanquished creatures:
  a small mimic
 an acid blob
  a gas spore
  a hobbit
  2 yellow molds
  a red mold
  a gnome zombie
  2 geckos
  4 jackals
  2 foxes
  2 goblins
  a sewer rat
  7 grid bugs
  a bat
  a lichen
  2 kobold zombies
  3 newts
33 creatures vanquished.

No species were genocided or became extinct.

Game over:
                       ----------
                      /          \
                     /    REST    \
                    /      IN      \
                   /     PEACE      \
                  /                  \
                  |   Farglenargle   |
                  |      31 Au       |
                  |   killed by a    |
                  |   small mimic    |
                  |                  |
                  |                  |
                  |       2026       |
                 *|     *  *  *      | *
        _________)/\\_//(\/(/\)/\//\/|_)_______

Farvel Farglenargle the Valkyrie...

You died in The Dungeons of Doom on dungeon level 4 with 382 points,
and 31 pieces of gold, after 2118 moves.
You were level 2 with a maximum of 24 hit points when you died.

